 Dungeon Crawl Stone Soup version 0.31.0-32-g396128a36d (webtiles) character file.

Game seed: 14222414540812382178

124 tizbic2 the Grave Robber (level 4, -2/34 HPs)
             Began as a Mummy Necromancer on Mar 19, 2024.
             Slain by a phantom (3 damage)
             ... on level 3 of the Dungeon.
             The game lasted 00:11:57 (2096 turns).

tizbic2 the Grave Robber (Mummy Necromancer)        Turns: 2096, Time: 00:11:57

Health: -2/34      AC:  5    Str: 13    XL:     4   Next: 81%
Magic:  17/17      EV: 11    Int: 14    God:
Gold:   79         SH:  0    Dex: 12    Spells: 4/8 levels left

rFire   x . .        s - +0 war axe
rCold   + . .        (no shield)
rNeg    + + +        c - +0 leather armour
rPois   ∞            (no helmet)
rElec   .            g - +0 cloak
rCorr   .            (no gloves)
SInv    .            j - +0 pair of boots
Will    .....        q - amulet of magic regeneration
Stlth   +            r - ring of magical power
HPRegen 0.25/turn    (no ring)
MPRegen 0.55/turn

%: faith
@: weak-willed
A: cold resistance 1, negative energy resistance 3, torment resistance 2, heat
vulnerability 1, in touch with death 1, no potions, faith
a: no special abilities


You were on level 3 of the Dungeon.
You visited 1 branch of the dungeon, and saw 3 of its levels.

You collected 79 gold pieces.

Inventory:

Hand Weapons
 s - a +0 war axe (weapon)
Missiles
 b - 12 boomerangs
 d - 6 poisoned darts
 h - 4 javelins
Armour
 a - a +0 robe
 c - a +0 leather armour (worn)
 g - a +0 cloak (worn)
 j - a +0 pair of boots (worn)
Magical Staves
 l - a staff of cold
Jewellery
 o - a ring of ice
 q - an amulet of magic regeneration (around neck)
 r - a ring of magical power (left hand)
Scrolls
 e - 5 scrolls of identify
 f - a scroll of fog {unknown}
 i - a scroll of noise {unknown}
 k - 2 scrolls of enchant armour {unknown}
 m - 2 scrolls of revelation
 n - a scroll of blinking {unknown}


   Skills:
 + Level 2.4 Fighting
 * Level 2.9 Armour
 - Level 1.5 Dodging
 - Level 1.5 Stealth
 + Level 2.7 Spellcasting
 + Level 4.0 Necromancy


You had 4 spell levels left.
You knew the following spells:

 Your Spells              Type           Power      Damage    Failure   Level
a - Necrotise             Necr           76%        1d7       5%          1
b - Vampiric Draining     Necr           19%        2d7       16%         3

Your spell library contained the following spells:

 Spells                   Type           Power      Damage    Failure   Level
 Animate Dead             Necr           19%        N/A       47%         4
 Curse of Agony           Necr           19%        N/A       83%         5


Dungeon Overview and Level Annotations

Branches:
Dungeon (3/15)

Altars:
Fedhas
Yredelemnul


Innate Abilities, Weirdness & Mutations

You are immune to poison.
Your flesh is cold resistant. (rC+)
You are immune to negative energy. (rN+++)
You are immune to unholy pain and torment.
You are vulnerable to heat. (rF-)
You are in touch with the powers of death.
You do not drink.
You have a special connection with the divine. (Faith)


Message History

The phantom hits you but does no damage.
You barely miss the phantom.
The phantom is lightly damaged.
The phantom barely misses you. x2
You miss the phantom.
The phantom is lightly damaged.
Your orc skeleton crumbles into dust!
The phantom closely misses you.
You slash the phantom!
The phantom is heavily damaged.
The phantom hits you.
The phantom blinks!
You blink.
The phantom hits you.
You slash the phantom!
The phantom is severely damaged.
The phantom hits you.
The phantom blinks!
You blink.
The phantom barely misses you. The phantom hits you.
* * * LOW HITPOINT WARNING * * *
The phantom blinks!
You blink.
You barely miss the phantom.
The phantom is severely damaged.
The phantom hits you.
* * * LOW HITPOINT WARNING * * *
The phantom closely misses you.
You closely miss the phantom.
The phantom is severely damaged.
The phantom hits you but does no damage.
You miss the phantom.
The phantom is severely damaged.
The phantom hits you but does no damage.
The phantom hits you!
* * * LOW HITPOINT WARNING * * *
The phantom blinks!
You blink.
You barely miss the phantom.
The phantom is severely damaged.
The phantom hits you.
* * * LOW HITPOINT WARNING * * *
As you read the scroll labelled KYSHOA ODEA, it crumbles to dust.
A wave of despondency washes over your surroundings.
It was a scroll of vulnerability.
The phantom hits you.
You die...

####.....#######.########
#.........)..............
#........##..).....######
#........##............
#.......................
#........................
#..........###....#......
#####....!.# #.!..#.?.≈≈≈
#...@..# ######..≈≈≈≈
#...$W.# ..≈≈_≈ #......#
#.≈≈.≈ ######## #.≈≈.≈
#.≈≈.≈ #.≈... #.≈.8.
#..... #....


You could see a phantom (weak-willed).

Vanquished Creatures
  An orc priest (D:3)
  2 adders
  A dart slug (D:2)
  11 orcs
  4 endoplasms
  2 giant cockroaches (D:2)
  3 goblins
  9 hobgoblins
  2 jackals (D:3)
  A quokka (D:1)
  4 ball pythons
  A bat (D:2)
  A frilled lizard (D:3)
  7 kobolds
  7 rats
56 creatures vanquished.

Vanquished Creatures (collateral kills)
  An endoplasm (D:2)
  A giant cockroach (D:1)
  A goblin (D:3)
  A frilled lizard (D:2)
  A rat (D:2)
5 creatures vanquished.

Grand Total: 61 creatures vanquished

Notes
Turn   | Place    | Note
-------+----------+-------------------------------------------
     0 | D:1      | tizbic2 the Mummy Necromancer began the quest for the Orb.
     0 | D:1      | Reached XP level 1. HP: 13/13 MP: 4/4
   222 | D:1      | Reached skill level 1 in Armour
   222 | D:1      | Reached XP level 2. HP: 20/20 MP: 5/5
   299 | D:1      | Reached skill level 1 in Fighting
   784 | D:2      | Reached XP level 3. HP: 26/26 MP: 0/7
   832 | D:2      | Learned a level 3 spell: Vampiric Draining
  1573 | D:3      | Reached XP level 4. HP: 26/33 MP: 5/8
  1870 | D:3      | Found a basalt altar of Yredelemnul.
  2004 | D:3      | Found a blossoming altar of Fedhas.
  2067 | D:3      | Noticed a phantom
  2095 | D:3      | HP: 1/34 [phantom (1)]
  2096 | D:3      | Slain by a phantom

Illustrated notes

Levels and vault maps discovered:
D:1:      dpeg_arrival_renting, layout_loops_cross, minmay_misc_feat_room
D:2:      layout_basic, glass_columns_a, minmay_cupped
D:3:      layout_basic, kennysheep_ying_yang,
          mainiacjoe_overflow_surrounded_room, mainiacjoe_overflow_catwalk

Skill      XL: |  1  2  3 |
---------------+----------+-----
Armour         | 1 2 |  2.9
Fighting       | 1 2 |  2.4
Dodging        | |  1.5
Stealth        | |  1.5
Spellcasting   | |  2.7
Necromancy     | |  4.0

Action                     |  1- 3 |  4- 6 || total
---------------------------+-------+-------++-------
  Melee: Unarmed           |    13 |       ||    13
         Rapier            |    83 |       ||    83
         Flail             |    10 |    13 ||    23
         War axe           |       |    13 ||    13
         Punch             |       |     1 ||     1
   Cast: Necrotise         |    29 |    27 ||    56
         Vampiric Draining |     3 |     3 ||     6
    Use: Scroll            |     2 |     1 ||     3
   Stab: Sleeping          |     3 |       ||     3
         Distracted        |     1 |       ||     1
 Armour: Leather armour    |    77 |    35 ||   112
         Robe              |     1 |       ||     1
  Dodge: Dodged            |    78 |    27 ||   105
